 Dungeon Crawl Stone Soup version 0.17-a0-1946-gfb768fe (webtiles) character file.

2135 achirane the Grappler (level 9, -11/75 HPs)
             Began as a Troll Transmuter on Oct 1, 2015.
             Was a Priest of Okawaru.
             Mangled by a five-headed hydra (12 damage)
             ... on level 9 of the Dungeon.
             The game lasted 00:24:55 (3207 turns).

achirane the Grappler (Troll Transmuter)            Turns: 3207, Time: 00:24:56

Health: -11/75     AC:  5    Str: 20    XL:     9   Next: 9%
Magic:  7/9        EV: 13    Int:  9    God:    Okawaru [***...]
Gold:   311        SH:  0    Dex: 13    Spells: 1 memorised, 9 levels left

rFire  . . .     SeeInvis .     I - staff of poison {rPois}
rCold  . . .     Clarity  .     b - +0 robe
rNeg   + . .     SustAt   .     (no shield)
rPois  +         Gourm    +     (helmet restricted)
rElec  .         Spirit   .     (no cloak)
rCorr  .         Warding  +     (gloves unavailable)
rMut   .         Stasis   .     (boots unavailable)
MR     .....                    y - amulet of warding {Ward, rN+, !d}
Stlth  ++........               s - ring of poison resistance {rPois, !d}
                                (no ring)

@: about to teleport, heroism, not resistant to hostile enchantments, unstealthy
A: unfitting armour, claws 3, fast metabolism 3, gourmand, regeneration 2,
shaggy fur 1, tough skin 2
a: Heroism, Renounce Religion


You were on level 9 of the Dungeon.
You worshipped Okawaru.
Okawaru was most pleased with you.
You were hungry.

You visited 1 branch of the dungeon, and saw 9 of its levels.
You also visited: Ossuary.

You collected 311 gold pieces.

Inventory:

Hand weapons
 w - a +1 blowgun
   (You found it on level 7 of the Dungeon)
Missiles
 a - 55 arrows
 j - 44 sling bullets
 B - a tomahawk (quivered)
 G - 65 stones
Armour
 b - a +0 robe (worn)
Magical staves
 I - an uncursed staff of poison (weapon) {rPois}
   (You found it on level 8 of the Dungeon)
Jewellery
 s - a ring of poison resistance (right claw) {rPois, !d}
   (You found it on level 4 of the Dungeon)
 y - an amulet of warding (around neck) {Ward, rN+, !d}
   (You found it on level 6 of the Dungeon)
Magical devices
 v - a wand of fire (0)
   (You found it on level 4 of the Dungeon)
 K - a wand of random effects (20)
   (You found it on level 8 of the Dungeon)
Scrolls
 e - a scroll of amnesia {unknown}
 f - 3 scrolls of immolation {!r}
 h - 5 scrolls of teleportation
 i - a scroll of remove curse
 m - 2 scrolls of enchant armour {unknown}
 o - a scroll of enchant weapon
 p - 2 scrolls of fog {unknown}
 x - a scroll of magic mapping {unknown}
 E - a scroll of fear {unknown}
 J - a scroll of recharging {unknown}
 N - a scroll of noise {unknown}
 O - a scroll of silence {unknown}
 P - 3 scrolls of random uselessness
 Q - a scroll of summoning {unknown}
Potions
 g - 2 potions of curing
 k - 3 potions of might
 q - 2 potions of brilliance
 r - 3 potions of agility
 z - 2 potions of lignification {unknown}
 C - 2 potions of cure mutation {unknown}
 D - a potion of invisibility {unknown}
 H - a potion of ambrosia {unknown}
 L - 4 potions of degeneration {unknown}
 M - 5 potions of poison {unknown}
 R - 2 potions of flight
Books
 c - a book of Changes
 A - a book of the Sky
   (You found it on level 6 of the Dungeon)
Comestibles
 d - 7 bread rations {@e1}
 l - 4 beef jerkies
 n - 2 meat rations {@e2}


   Skills:
 - Level 0.7(5.7) Fighting
 - Level 1.5(6.5) Dodging
 + Level 9.8(14.8) Unarmed Combat
 - Level 1.2 Spellcasting
 + Level 5.4 Transmutations
 - Level 2.3 Invocations


You had 9 spell levels left.
You knew the following spells:

 Your Spells              Type           Power        Failure   Level  Hunger
a - Beastly Appendage     Trmt           ##....       4%          1    ##.....


Dungeon Overview and Level Annotations

Branches:
Dungeon (9/15)             Temple (0/1) D:6
   Lair: D:8-11         Orc: D:9-12

Altars:
Ashenzari
Cheibriados
Dithmenos
Fedhas
Gozag
Kikubaaqudgha
Okawaru
Vehumet
Xom
Zin


Innate Abilities, Weirdness & Mutations

You are too large for most types of armour.
You have claws for hands.
Your metabolism is lightning-fast.
You like to eat raw meat.
You heal very quickly.
You are covered in fur (AC +1).
You have very tough skin (AC +2).


Message History

The ice beast barely misses you.
You scratch the ice beast. Your claw misses the ice beast.
The ice beast is lightly wounded.
You scratch the ice beast.
The ice beast is moderately wounded.
The ice beast hits you. The ice beast freezes you!
You take 16 damage, and have 59/75 hp.
MASSIVE DAMAGE!!
You claw the ice beast!
The ice beast is severely wounded.
The ice beast hits you but does no damage.
You claw the ice beast!
You kill the ice beast!
Okawaru accepts your kill.
You open the door.
There is an open door here.
G - 34 stones (gained 16) HP restored.
G - 65 stones (gained 31)
p - 2 scrolls labeled VANTEACATWA (gained 1)
You see here a plate armour.
You see here a ring mail.
Found a stone staircase leading down.
Health restored: 75 You open the door.
There is an open door here.
You open the door.
There is an open door here.
You now have 311 gold pieces (gained 15).
m - 2 scrolls labeled IHAOWK GIULOTI (gained 1)
You are feeling hungry.
You open the door.
There is an open door here.
Marking area around the five-headed hydra as unsafe for travelling.
A five-headed hydra comes into view.
The five-headed hydra roars!
Evoke which item? (* to show all) (? for menu, Esc to quit)
Zapping:
K - a wand of random effects (will waste charges)
Press: ? - help, Shift-Dir - straight line, f - five-headed hydra
Aim: a five-headed hydra The five-headed hydra resists with almost no effort.
Evoking this partially-identified wand wasted a few charges.
Evoke which item? (* to show all) (? for menu, Esc to quit)
Zapping:
v - a wand of fire (will waste charges)
Press: ? - help, Shift-Dir - straight line, f/p - five-headed hydra
Aim: a five-headed hydra The bolt of fire hits the five-headed hydra.
The five-headed hydra is moderately wounded.
Evoking this partially-identified wand wasted a few charges.
Evoke which item? (* to show all) (? for menu, Esc to quit)
Zapping:
v - a wand of fire {zapped: 3} (will waste charges)
Press: ? - help, Shift-Dir - straight line, f/p - five-headed hydra
Aim: a five-headed hydra (moderately wounded)
The bolt of fire hits the five-headed hydra.
The five-headed hydra is heavily wounded.
Evoking this partially-identified wand wasted a few charges.
Evoke which item? (* to show all) (? for menu, Esc to quit)
Zapping:
v - a wand of fire {zapped: 6} (will waste charges)
Press: ? - help, Shift-Dir - straight line, f/p - five-headed hydra
Aim: a five-headed hydra (heavily wounded) Nothing appears to happen.
Use which ability?
You gain the combat prowess of a mighty hero.
You feel slightly more hungry.
You now have 7/9 mp.
Quiver which item? (- for none, * to show all) (? for menu, Esc to quit)
Quivering
t - a throwing net {=f, !d} for throwing.
Throwing (i - inventory. (,) - cycle):
t - a throwing net (quivered)
{=f, !d}
Press: ? - help, Shift-Dir - straight line, f/p - five-headed hydra
Aim: a five-headed hydra (heavily wounded)
You throw a throwing net {=f, !d}.
The throwing net {=f, !d} barely misses the five-headed hydra.
The five-headed hydra bites you! x3
The five-headed hydra bites you.
The five-headed hydra closely misses you.
You take 38 damage, and have 37/75 hp.
MASSIVE DAMAGE!!
Wield which item (- for none, * to show all)? (? for menu, Esc to quit)
I - an uncursed staff of poison (weapon)
{rPois} The five-headed hydra bites you but does no damage.
The five-headed hydra completely misses you.
The five-headed hydra bites you.
The five-headed hydra barely misses you.
The five-headed hydra bites you but does no damage.
You take 1 damage, and have 36/75 hp.
You hit the five-headed hydra. Your claw misses the five-headed hydra.
The five-headed hydra is heavily wounded.
The five-headed hydra closely misses you.
The five-headed hydra bites you. The five-headed hydra misses you.
The five-headed hydra bites you but does no damage.
The five-headed hydra bites you.
You take 9 damage, and have 27/75 hp.
Read which item? (? for menu, Esc to quit)
As you read the scroll of teleportation, it crumbles to dust.
You feel strangely unstable. The five-headed hydra bites you!
* * * LOW HITPOINT WARNING * * *
The five-headed hydra bites you but does no damage.
The five-headed hydra bites you!
* * * LOW HITPOINT WARNING * * *
The five-headed hydra completely misses you.
The five-headed hydra bites you!
You die...

#.....#..(.......#
.....#
#.....'..........# .....
#.....##+#####...# ...#
#####........#...##...#
#".......#......#
#........#......#
#........+......#
######........#..#####
#....##'###+###.@###.###
........#.......D.......
........+...............
........#...............
#...##..##.##....#####+#
#'####..## #....#
.......... .....#
.................#
...>.............#


You could see a five-headed hydra.

Vanquished Creatures
  A hippogriff (D:8)
  A black bear (D:7)
  2 ice beasts
  2 sky beasts
  3 ogres
  3 centaurs
  3 giant frogs (D:7)
  A water moccasin zombie (D:6)
  A scorpion (D:8)
  A crimson imp (D:8)
  A quasit (D:6)
  2 jellies (D:6)
  A centaur skeleton (D:5)
  A giant frog zombie (D:6)
  2 iguanas
  4 orc priests
  An orc wizard (D:3)
  6 worker ants
  4 mummies (Ossuary)
  6 adders
  4 gnolls (D:3)
  2 oozes (D:1)
  An adder skeleton (D:4)
  3 worms
  2 giant geckos (D:3)
  18 orcs
  3 hobgoblins
  13 jackals
  7 kobolds
  2 quokkas
  A ball python (D:5)
  4 bats
  6 giant cockroaches
  A giant gecko skeleton (D:7)
  2 giant newts
  3 goblins
  A quokka skeleton (D:4)
  7 rats
126 creatures vanquished.

Vanquished Creatures (others)
  A goblin (D:1)
1 creature vanquished.

Grand Total: 127 creatures vanquished

Notes
Turn   | Place    | Note
--------------------------------------------------------------
     0 | D:1      | achirane the Troll Transmuter began the quest for the Orb.
     0 | D:1      | Reached XP level 1. HP: 18/18 MP: 1/1
     1 | D:1      | Found a runed door.
   216 | D:2      | Reached XP level 2. HP: 23/26 MP: 2/2
   230 | D:2      | Reached skill level 4 in Unarmed Combat
   267 | D:2      | Reached XP level 3. HP: 32/32 MP: 3/3
   418 | D:1      | Reached skill level 5 in Unarmed Combat
   418 | D:1      | Reached XP level 4. HP: 40/40 MP: 4/4
   622 | D:2      | Found an iron altar of Okawaru.
   630 | D:2      | Became a worshipper of Warmaster Okawaru
   668 | D:2      | Found a shattered altar of Ashenzari.
   725 | D:3      | Found an opulent altar of Gozag.
   904 | D:3      | Reached XP level 5. HP: 37/46 MP: 5/5
   965 | D:4      | Reached skill level 6 in Unarmed Combat
   999 | D:4      | Found a glowing silver altar of Zin.
   999 | D:4      | Found a shimmering altar of Xom.
   999 | D:4      | Noticed an angel
  1354 | D:3      | Reached skill level 1 in Invocations
  1361 | D:3      | Reached XP level 6. HP: 48/54 MP: 6/6
  1369 | D:3      | Acquired Okawaru's first power
  1502 | D:5      | Entered Level 5 of the Dungeon
  1531 | D:5      | HP: 12/54 [centaur (7)]
  1533 | D:5      | Reached skill level 2 in Invocations
  1602 | D:5      | Reached skill level 7 in Unarmed Combat
  1840 | D:6      | Found a staircase to the Ecumenical Temple.
  1843 | D:6      | Found a blossoming altar of Fedhas.
  1886 | D:6      | Found a snail-covered altar of Cheibriados.
  1951 | D:6      | Reached skill level 2 in Transmutations
  1951 | D:6      | Reached XP level 7. HP: 61/61 MP: 7/7
  2066 | D:6      | Reached skill level 3 in Transmutations
  2176 | D:6      | Reached skill level 8 in Unarmed Combat
  2198 | D:7      | Found an ancient bone altar of Kikubaaqudgha.
  2204 | D:7      | Found a shadowy altar of Dithmenos.
  2215 | D:7      | Reached XP level 8. HP: 59/68 MP: 8/8
  2216 | D:7      | Found a radiant altar of Vehumet.
  2271 | D:7      | Found a blossoming altar of Fedhas.
  2301 | D:7      | Reached skill level 4 in Transmutations
  2391 | D:8      | Reached skill level 9 in Unarmed Combat
  2557 | D:8      | Reached skill level 5 in Transmutations
  2698 | D:7      | Reached XP level 9. HP: 50/75 MP: 9/9
  2815 | D:8      | Found a sand-covered staircase.
  2821 | Ossuary  | Entered an ossuary
  3197 | D:9      | Noticed a five-headed hydra
  3207 | D:9      | HP: 14/75 [five-headed hydra (14)]
  3207 | D:9      | HP: 1/75 [five-headed hydra (13)]
  3207 | D:9      | Mangled by a five-headed hydra

Vault maps used:
D:1:      dpeg_arrival_caged_fury, monster_avoids_cloud
D:2:      okawaru_metal_pillars_3, old_standard_altar, first_bread
D:3:      grunt_gozag_statues
D:4:      grunt_temple_overflow_order_and_chaos_1, trog_eyes_of_draining,
          uniq_menkaure, uniq_grinder
D:5:      uniq_crazy_yiuf_cottage
D:6:      kennysheep_steamy, overflow_temple_1_default, lemuel_crystal_altar,
          minmay_temple_entry_statues_fountains
D:7:      grunt_temple_overflow_open, grunt_livestock, fedhas_altar_1
D:8:      enter_ossuary_2, minivault_1, nrook_mini_vaults
D:9:      lemuel_coloured_pillars_altar, special_room
Ossuary:  ossuary_crypta

Action                   |  1- 3 |  4- 6 |  7- 9 || total
-------------------------+-------+-------+-------++-------
Melee: Unarmed           |    97 |   129 |   156 ||   382
       Staff             |       |       |     1 ||     1
Throw: Tomahawk          |       |     2 |    11 ||    13
       Throwing net      |       |       |     1 ||     1
Invok: Heroism           |       |       |     1 ||     1
Evoke: Wand              |       |       |     3 ||     3
  Use: Scroll            |       |     6 |     5 ||    11
  Eat: Chunk             |       |    15 |     7 ||    22
       Royal jelly       |       |     1 |     1 ||     2

Vault maps used:
D:1:      dpeg_arrival_caged_fury, monster_avoids_cloud
D:2:      okawaru_metal_pillars_3, old_standard_altar, first_bread
D:3:      grunt_gozag_statues
D:4:      grunt_temple_overflow_order_and_chaos_1, trog_eyes_of_draining,
          uniq_menkaure, uniq_grinder
D:5:      uniq_crazy_yiuf_cottage
D:6:      kennysheep_steamy, overflow_temple_1_default, lemuel_crystal_altar,
          minmay_temple_entry_statues_fountains
D:7:      grunt_temple_overflow_open, grunt_livestock, fedhas_altar_1
D:8:      enter_ossuary_2, minivault_1, nrook_mini_vaults
D:9:      lemuel_coloured_pillars_altar, special_room
Ossuary:  ossuary_crypta

Table legend:
 A = Turns spent in this place as a percentage of turns spent in the entire game.
 B = Non-inter-level travel turns spent in this place as a percentage of non-inter-level travel turns spent in the entire game.
 C = Inter-level travel turns spent in this place as a percentage of turns spent in this place.
 D = Turns resting spent in this place as a percentage of non-inter-level travel turns spent in this place.
 E = Turns spent auto-exploring this place as a percentage of non-inter-level travel turns spent in this place.
 F = Non-inter-level travel turns spent in this place divided by the number of levels of this place that you've seen.
                   A       B       C       D       E      F
               +-------+-------+-------+-------+-------+----------------------
         Total | 100.0 | 100.0 |   0.2 |   0.1 |   3.0 | 187.9
       Dungeon |  93.4 |  93.4 |   0.2 |   0.1 |   3.2 | 195.0
       Ossuary |   6.6 |   6.6 |   0.0 |   0.0 |   0.0 | 124.0
               +-------+-------+-------+-------+-------+----------------------

Table legend:
 A = Kills in this place as a percentage of kills in entire the game.
 B = Kills by you in this place as a percentage of kills by you in the entire game.
 C = Kills by friends in this place as a percentage of kills by friends in the entire game.
 D = Other kills in this place as a percentage of other kills in the entire game.
 E = Experience gained in this place as a percentage of experience gained in the entire game.
 F = Experience gained in this place divided by the number of levels of this place that you have seen.
                   A       B       C       D       E      F
               +-------+-------+-------+-------+-------+----------------------
         Total | 100.0 | 100.0 |  -nan |  -nan | 100.0 | 305.1
       Dungeon |  96.8 |  96.8 |  -nan |  -nan |  97.7 | 331.2
       Ossuary |   3.2 |   3.2 |  -nan |  -nan |   2.3 |  70.0
               +-------+-------+-------+-------+-------+----------------------
